 Dungeon Crawl Stone Soup version 0.28.0 (webtiles) character file.

Game seed: 17139229307502436487

6 croobank the Sneak (level 1, -1/10 HPs)
             Began as a Felid Delver on Feb 19, 2022.
             Slain by a kobold (3 damage)
             ... on level 1 of the Dungeon.
             The game lasted 00:01:33 (249 turns).

croobank the Sneak (Felid Delver)                    Turns: 249, Time: 00:01:33

Health: -1/10      AC:  1    Str:  8    XL:     1   Next: 75%
Magic:  2/2        EV: 17    Int: 11    God:
Gold:   0          SH:  0    Dex: 17    Spells: 0/0 levels left
                                        Lives:  0   Deaths: 0

rFire   . . .      SeeInvis +     - Unarmed
rCold   . . .      Faith    .   (shield unavailable)
rNeg    . . .      Spirit   .   (armour unavailable)
rPois   .          Reflect  .   (helmet unavailable)
rElec   .          Harm     .   (cloak unavailable)
rCorr   .          Rampage  .   (gloves unavailable)
Will    .....                   (boots unavailable)
Stlth   ++++......              (no amulet)
HPRegen 0.03/turn               (no ring)
MPRegen 0.08/turn               (no ring)

@: hasted, very quick
A: very small, claws 1, fangs 3, see invisible, speed 1, shaggy fur 1, stealthy
paws, no weapons or thrown items, no armour, multi-lived
a: no special abilities


You were on level 1 of the Dungeon.
You visited 1 branch of the dungeon, and saw 5 of its levels.

Inventory:

Wands
 e - a wand of digging (3)
Scrolls
 a - a scroll of fog
 b - 2 scrolls of magic mapping
 c - a scroll of fear
 g - a scroll of blinking {unknown}


   Skills:
 - Level 3.1 Fighting
 - Level 2.9 Dodging
 + Level 6.7 Stealth
 - Level 2.1 Unarmed Combat


You couldn't memorise any spells.
You didn't know any spells.
Your spell library was empty.

Dungeon Overview and Level Annotations

Branches:
Dungeon (5/15)
 Temple: D:4-7

Altars:


Innate Abilities, Weirdness & Mutations

You have sharp claws.
You have razor-sharp teeth.
You have supernaturally acute eyesight. (SInv)
You cover ground quickly. (Speed+)
You are covered in fur. (AC +1)
Your paws help you pounce on unaware monsters.
You are incapable of wielding weapons or throwing items.
You cannot wear armour.
You gain extra lives every three experience levels.


Message History

You mangle the ball python!!
You kill the ball python!
As you read the scroll labelled BOULIE WORAU, it crumbles to dust.
It is a scroll of amnesia.
You feel forgetful for a moment.
Okay, then.
Okay, then.
Found a robe.
A goblin comes into view. It is wielding a +0 dagger.
Found a robe.
You pounce on the unaware helpless goblin!
You mangle the goblin!!
You kill the goblin!
Things that are here:
a +0 dagger; a goblin corpse You see here a ball python corpse.
A kobold comes into view. It is wielding a +0 club.
The kobold shouts!
The kobold throws a stone.
The stone closely misses you. The kobold closely misses you.
You barely miss the kobold. The kobold closely misses you.
You closely miss the kobold. The kobold misses you.
You closely miss the kobold. You bite the kobold.
The kobold is heavily wounded.
The kobold hits you with a +0 club.
You closely miss the kobold.
The kobold is heavily wounded.
The kobold closely misses you.
You barely miss the kobold.
The kobold is heavily wounded.
The kobold hits you with a +0 club.
You barely miss the kobold.
The kobold is heavily wounded.
The kobold hits you with a +0 club.
* * * LOW HITPOINT WARNING * * *
You closely miss the kobold.
The kobold is heavily wounded.
The kobold completely misses you.
You feel yourself speed up. The kobold hits you with a +0 club.
You die...

#...........##..P
#...>....######.PP
#........# ....
#.....†..# .#..[
###..##### .#####
#..# .. #..##
##...# ♣..@.#
♣♣.K.......
♣♣.###.... ♣.# ...
P♣♣ .. P .


You could see a kobold.

Vanquished Creatures
  A ball python (D:1)
  3 goblins
  A bat (D:2)
5 creatures vanquished.

Vanquished Creatures (others)
  A plant (D:1)
1 creature vanquished.

Grand Total: 6 creatures vanquished

Notes
Turn   | Place    | Note
-------+----------+-------------------------------------------
     0 | D:5      | croobank the Felid Delver began the quest for the Orb.
     0 | D:5      | Reached XP level 1. HP: 10/10 MP: 2/2
   249 | D:1      | Slain by a kobold

Illustrated notes

Levels and vault maps discovered:
D:1:      evilmike_arrival_hilbert_curve, layout_rooms,
          shapermc_ecumenical_altar_mp_vishouse, serial_forest,
          infiniplex_forest_lined_room_2, infiniplex_forest_end_double,
          infiniplex_forest_clump_large, infiniplex_forest_corner_1,
          infiniplex_forest_straight_4, infiniplex_forest_end_double,
          infiniplex_forest_split
D:2:      layout_basic, basic_altar, uniq_sigmund
D:3:      layout_rooms, minmay_fractal_squares_diagonal_5, uniq_robin, uniq_ijyb
D:4:      layout_basic, serial_shops, kennysheep_little_box,
          minmay_misc_feat_iff, kennysheep_diamond
D:5:      layout_basic

Action                   || total
-------------------------++-------
Melee: Unarmed           ||    15
       Bite              ||     1
  Use: Scroll            ||     1
       Potion            ||     1
 Stab: Sleeping          ||     2
Dodge: Dodged            ||    10
